 Dungeon Crawl Stone Soup version 0.31.0-11-ge490571c62 (webtiles) character file.

Game seed: 12642717763671365399

107 qw the Skirmisher (level 4, -4/25 HPs)
             Began as a Deep Elf Hunter on Feb 4, 2024.
             Slain by an orc
             ... wielding a +0 whip
              (5 damage)
             ... on level 3 of the Dungeon.
             The game lasted 00:00:04 (1426 turns).

qw the Skirmisher (Deep Elf Hunter)                 Turns: 1426, Time: 00:00:05

Health: -4/25      AC:  5    Str:  5    XL:     4   Next: 57%
Magic:  6/6        EV: 12    Int: 14    God:
Gold:   2          SH:  0    Dex: 20    Spells: 3/3 levels left

rFire   . . .        a - +0 shortbow
rCold   . . .        (shield currently unavailable)
rNeg    . . .        c - +0 leather armour
rPois   .            (no helmet)
rElec   .            h - +0 cloak
rCorr   +            i - +0 pair of gloves of the Lily {Rampage Str-5 Dex+2}
SInv    .            (no boots)
Will    .....        (no amulet)
Stlth   ++           f - ring of resist corrosion
HPRegen 0.24/turn    (no ring)
MPRegen 0.10/turn

%: rampage
@: no status effects
A: no striking features
a: no special abilities


You were on level 3 of the Dungeon.
You visited 1 branch of the dungeon, and saw 3 of its levels.

You collected 108 gold pieces.
You spent 106 gold pieces at shops.


   Skills:
 - Level 1.5 Fighting
 - Level 8.0 Ranged Weapons
 + Level 2.4 Dodging
 - Level 1.2 Stealth


You had 3 spell levels left.
You didn't know any spells.
Your spell library was empty.

Inventory:

Hand Weapons
 a - a +0 shortbow (weapon)
Armour
 c - a +0 leather armour (worn)
 h - a +0 cloak (worn)
 i - the +0 pair of gloves of the Lily (worn) {Rampage Str-5 Dex+2}
   (You bought it in a shop on level 2 of the Dungeon)

   Str-5:     It affects your strength (-5).
   Dex+2:     It affects your dexterity (+2).
   Rampage:   It bestows one free step when moving towards enemies.
Jewellery
 f - a ring of resist corrosion (left hand)
Potions
 b - a potion of ambrosia {unknown}
 j - a potion of lignification {unknown}

Dungeon Overview and Level Annotations

Branches:
Dungeon (3/15)

Altars:
The Shining One

Shops:
D:2 ?[=


Message History

You shoot an arrow. The arrow hits the orc wizard!
You kill the orc wizard!
You have reached level 4!
You feel clever.
You shoot an arrow. The arrow barely misses the orc wizard.
The orc wizard gestures at you while chanting.
The magic dart hits you. The orc misses you.
You shoot an arrow.
The arrow hits the orc wizard but does no damage.
The orc wizard hits you with a +0 dagger.
You shoot an arrow.
The arrow hits the orc wizard but does no damage.
The orc hits you with a +0 whip. The orc wizard misses you.
You shoot an arrow.
The arrow hits the orc wizard but does no damage.
The orc closely misses you. The orc wizard barely misses you.
You shoot an arrow. The arrow hits the orc wizard!
The orc wizard is severely wounded.
The orc wizard barely misses you. The orc hits you but does no damage.
You shoot an arrow.
The arrow closely misses the orc wizard.
The orc wizard misses you. The orc hits you with a +0 whip.
You shoot an arrow. The arrow barely misses the orc wizard.
The orc wizard casts a spell at you. The magic dart hits you.
The orc misses you.
You shoot an arrow.
The arrow hits the orc wizard but does no damage.
The orc wizard is severely wounded.
The orc wizard hits you but does no damage.
The orc hits you with a +0 whip.
You shoot an arrow. The arrow hits the orc wizard.
You kill the orc wizard!
The orc hits you with a +0 whip.
Your Ranged Weapons skill increases to level 8!
You shoot an arrow. The arrow hits the orc wizard.
The orc wizard is moderately wounded.
The orc wizard closely misses you. The orc hits you with a +0 whip.
You shoot an arrow. The arrow hits the orc wizard.
The orc wizard is severely wounded.
The orc wizard closely misses you. The orc hits you with a +0 whip.
You die...

..... ....#
### .... #..
... #.# .. .
#.# o#
P...#####.##o#
#....<..)@o#
#.#####.####
#.# #.. ####


You could see an orc wizard and 2 orcs.

Vanquished Creatures
  2 orc wizards (D:3)
  2 adders (D:2)
  A ribbon worm (D:2)
  An orc (D:3)
  3 endoplasms
  3 hobgoblins
  6 kobolds
  2 quokkas (D:1)
  7 ball pythons
  3 bats (D:2)
  3 frilled lizards (D:2)
  3 goblins
  4 rats
40 creatures vanquished.

Notes
Turn   | Place    | Note
-------+----------+-------------------------------------------
     0 | D:1      | qw the Deep Elf Hunter began the quest for the Orb.
     0 | D:1      | Reached XP level 1. HP: 12/12 MP: 3/3
     0 | D:1      | 0 ||| qw: Version: 0.3-a-160-g6735b56
     0 | D:1      | 0 ||| qw: Game counter: 4575
     0 | D:1      | 0 ||| qw: Melee chars always use a shield: true
     0 | D:1      | 0 ||| qw: God list: Okawaru
     0 | D:1      | 0 ||| qw: Allow faded altars: false
     0 | D:1      | 0 ||| qw: Do Orc after clearing Dungeon:15 true
     0 | D:1      | 0 ||| qw: Do second Lair branch before Depths: true
     0 | D:1      | 0 ||| qw: Lair rune preference: random
     0 | D:1      | 0 ||| qw: Goals: Normal
     0 | D:1      | 0 ||| PLANNING D:1-11
    87 | D:1      | Reached skill level 6 in Ranged Weapons
    87 | D:1      | Reached XP level 2. HP: 16/16 MP: 4/4
   428 | D:1      | 428 ||| UPGRADING to +1 pair of gloves.
   433 | D:1      | 433 ||| UPGRADING to ring of resist corrosion.
   434 | D:1      | 434 ||| DROPPING ring of flight.
   435 | D:1      | 435 ||| READING scroll labelled LAICOH JOKUUCK.
   436 | D:1      | 436 ||| DROPPING scroll of butterflies.
   472 | D:2      | Found a glowing golden altar of the Shining One.
   732 | D:2      | Found Vaisuwar's Jewellery Emporium.
   743 | D:2      | 743 ||| SHOPLISTING +4 ring of slaying (780 gold, have
                  | 105).
   743 | D:2      | 743 ||| SHOPLISTING +6 ring of dexterity (360 gold, have
                  | 105).
   743 | D:2      | 743 ||| SHOPLISTING amulet of guardian spirit (300 gold,
                  | have 105).
   743 | D:2      | 743 ||| SHOPLISTING amulet of reflection (300 gold, have
                  | 105).
   743 | D:2      | 743 ||| SHOPLISTING ring of positive energy (200 gold, have
                  | 105).
   787 | D:2      | Reached XP level 3. HP: 12/20 MP: 5/5
   892 | D:2      | Reached skill level 7 in Ranged Weapons
  1090 | D:2      | Found a faded altar of an unknown god.
  1110 | D:2      | Found Sigon's Armour Shop.
  1114 | D:2      | 1114 ||| BUYING +0 cloak (49 gold).
  1114 | D:2      | Bought a +0 cloak for 49 gold pieces
  1114 | D:2      | 1114 ||| BUYING +0 pair of gloves of the Lily {Rampage
                  | Str-5 Dex+2} (57 gold).
  1114 | D:2      | Bought the +0 pair of gloves of the Lily {Rampage Str-5
                  | Dex+2} for 57 gold pieces
  1114 | D:2      | 1114 ||| SHOPLISTING +0 ring mail (44 gold, have 2).
  1114 | D:2      | 1114 ||| SHOPLISTING +2 cloak of the Enchanted Forest
                  | {rPois Will+} (344 gold, have 2).
  1114 | D:2      | 1114 ||| SHOPLISTING +2 leather armour of willpower (209
                  | gold, have 2).
  1269 | D:2      | Found Burerph's Magic Scroll Emporium.
  1272 | D:2      | 1272 ||| SHOPLISTING scroll of enchant weapon (105 gold,
                  | have 2).
  1272 | D:2      | 1272 ||| SHOPLISTING scroll of identify (28 gold, have 2).
  1359 | D:2      | 1359 ||| UPGRADING to +0 cloak.
  1364 | D:2      | 1364 ||| UPGRADING to +0 pair of gloves of the Lily
                  | {Rampage Str-5 Dex+2}.
  1374 | D:2      | 1374 ||| DROPPING +1 pair of gloves.
  1375 | D:2      | 1375 ||| READING 2 scrolls labelled POD XOB GEHA.
  1376 | D:2      | 1376 ||| READING 2 scrolls labelled UPAETHEIDA.
  1377 | D:2      | 1377 ||| DROPPING scroll of fear.
  1378 | D:2      | 1378 ||| DROPPING scroll of revelation.
  1409 | D:3      | 1409 ||| RETREEEEATING.
  1416 | D:3      | Reached XP level 4. HP: 25/25 MP: 6/6
  1423 | D:3      | HP: 6/25 [orc/+0 whip (1)]
  1425 | D:3      | Reached skill level 8 in Ranged Weapons
  1425 | D:3      | HP: 1/25 [orc/+0 whip (3)]
  1426 | D:3      | Slain by an orc

Levels and vault maps discovered:
D:1:      lightli_arrival_boilingwater, layout_basic,
          amcnicky_mini_corridor_feature
D:2:      layout_basic, basic_altar, hellmonk_ecumenical_altar_inner_sanctum,
          serial_shops, nicolae_square_shop, nicolae_shop_pleasant_corner_grove,
          nicolae_shop_rolled_up, minmay_shallow_snake_nest
D:3:      minmay_skewed_foursquare, layout_loops_ring,
          nicolae_elyvilon_temple_path, xom_redecorated, uniq_grinder

Skill      XL: |  1  2  3  4 |
---------------+-------------+-----
Ranged Weapons | 6 7 8 |  8.0
Fighting       | |  1.5
Dodging        | |  2.4
Stealth        | |  1.2

Action                     |  1- 3 |  4- 6 || total
---------------------------+-------+-------++-------
   Fire: Shortbow          |    92 |    11 ||   103
    Use: Scroll            |     3 |       ||     3
 Armour: Leather armour    |    16 |    11 ||    27
  Dodge: Dodged            |    30 |     9 ||    39

Table legend:
 A = Non-vault XP
 B = Vault XP
 C = Vault XP percentage of total XP
 D = Non-vault monster count
 E = Vault monster count
 F = Vault count percentage of total count
                 A         B        C        D         E       F
            +---------+---------+-------+---------+---------+-------
      Total |     137 |      17 |  11.0 |      36 |       4 |  10.0
            +---------+---------+-------+---------+---------+-------
        D:1 |      22 |       0 |   0.0 |      14 |       0 |   0.0
        D:2 |      41 |      17 |  29.3 |      18 |       4 |  18.2
        D:3 |      74 |       0 |   0.0 |       4 |       0 |   0.0
            +---------+---------+-------+---------+---------+-------
